 Dungeon Crawl Stone Soup version 0.26-a0-683-g5206c1d7ac (webtiles) character file.

Game seed: 6593714736603047909

20 snetch the Chopper (level 2, 0/27 HPs)
             Began as a Hill Orc Monk on Oct 22, 2020.
             Slain by an adder (5 damage)
             ... on level 2 of the Dungeon.
             The game lasted 00:01:17 (610 turns).

snetch the Chopper (Hill Orc Monk)                   Turns: 610, Time: 00:01:17

Health: 0/27       AC:  2    Str: 13    XL:     2   Next: 79%
Magic:  2/2        EV: 13    Int: 10    God:
Gold:   3          SH:  0    Dex: 13    Spells: 1/1 levels left

rFire    . . .     SeeInvis .   a - +0 hand axe
rCold    . . .     Faith    .   (no shield)
rNeg     . . .     Spirit   .   b - +0 robe
rPois    .         Reflect  .   (no helmet)
rElec    .         Harm     .   (no cloak)
rCorr    .         Rampage  .   (no gloves)
MR       .....                  (no boots)
Stlth    ++........             (no amulet)
HPRegen  0.09/turn              (no ring)
MPRegen  0.08/turn              (no ring)

@: lethally poisoned (0 -> -14)
A: no striking features
a: no special abilities


You were on level 2 of the Dungeon.
You visited 1 branch of the dungeon, and saw 3 of its levels.

You collected 3 gold pieces.

Inventory:

Hand Weapons
 a - a +0 hand axe (weapon)
Missiles
 c - 24 stones
 d - 10 poisoned darts (quivered)
Armour
 b - a +0 robe (worn)
Potions
 e - a potion of lignification {unknown}


   Skills:
 + Level 4.0 Fighting
 + Level 4.4 Axes
 + Level 0.1 Throwing
 + Level 2.7 Dodging
 + Level 1.6 Stealth


You had one spell level left.
You didn't know any spells.
Your spell library was empty.

Dungeon Overview and Level Annotations

Branches:
Dungeon (3/15)

Altars:

Annotations:
D:3 Natasha


Message History

You throw a poisoned dart.
The poisoned dart closely misses the adder.
You feel sick. The adder closely misses you.
You closely miss the adder.
You feel sick. The adder bites you but does no damage.
Throwing (i - inventory. (/) - cycle)
d - 11 poisoned darts (quivered)
Press: ? - help, Shift-Dir - straight line, f/p - adder
Aim: an adder You throw a poisoned dart.
The poisoned dart barely misses the adder.
The adder closely misses you. The adder barely misses you.
You closely miss the adder.
You feel sick. The adder bites you.
You are lethally poisoned!
The adder poisons you!
You hit the adder.
The adder is moderately wounded.
You feel sick. The adder bites you.
* * * LOW HITPOINT WARNING * * *
The adder bites you.
You die...

############
#..........#
#.......@..#
#......S†..#
#..........#
#..........#
#..........#
#..........# #
#..........#.#
#(........<..#
#..........###


You could see an adder.

Vanquished Creatures
  An adder (D:2)
  A worm (D:2)
  A leopard gecko (D:1)
  2 bats (D:1)
  A hobgoblin (D:1)
  A ball python (D:2)
  A frilled lizard (D:1)
  A kobold (D:1)
9 creatures vanquished.

Notes
Turn   | Place    | Note
-------+----------+-------------------------------------------
     0 | D:1      | snetch the Hill Orc Monk began the quest for the Orb.
     0 | D:1      | Reached XP level 1. HP: 19/19 MP: 1/1
   278 | D:1      | Reached XP level 2. HP: 14/27 MP: 2/2
   426 | D:3      | Noticed Natasha
   610 | D:2      | Slain by an adder

Illustrated notes

Levels and vault maps discovered:
D:1:      minmay_arrival_plants_in_alcoves, layout_basic, serial_curves,
          eino_curves_04, eino_curves_04, eino_curves_03, serial_bayou_pond_a,
          minmay_indecisive_spiral
D:2:      layout_basic, nicolae_tso_swordbearing_angel, uniq_sigmund
D:3:      layout_basic, chequers_serial_rivers_large_a, trog_butcher_becter,
          uniq_natasha

Skill      XL: |  1  2 |
---------------+-------+-----
Fighting       | 4 |  4.0
Axes           | |  4.4
Throwing       | |  0.1
Dodging        | |  2.7
Stealth        | |  1.6

Action                   || total
-------------------------++-------
Melee: Hand axe          ||    45
Throw: Dart              ||    13
 Stab: Sleeping          ||     1
Armor: Robe              ||    12
Dodge: Dodged            ||    40

Table legend: (Time is in decaauts)
 A = Elapsed time spent in this place.
 B = Non-inter-level travel time spent in this place.
 C = Inter-level travel time spent in this place.
 D = Time resting spent in this place.
 E = Time spent auto-exploring this place.
 F = Levels seen in this place.
 G = Mean time per level.
                   A        B        C        D        E       F      G
               +--------+--------+--------+--------+--------+-----+--------+
         Total |    616 |    616 |      0 |    253 |    216 |   3 |  205.3 |
       Dungeon |    616 |    616 |      0 |    253 |    216 |   3 |  205.3 |
               +--------+--------+--------+--------+--------+-----+--------+

Top non-repeatable levels by time:
     D:1: 418 daAuts
     D:2: 187 daAuts
     D:3: 10 daAuts
